 Dungeon Crawl Stone Soup version 0.23.2-30-g0e89c35649 (webtiles) character file.

Game seed: 10147723004139062866

3992 Atelerd the Geomancer (level 10, -2/63 HPs)
             Began as an Octopode Earth Elementalist on June 19, 2019.
             Was a Priest of Sif Muna.
             Slain by an orc wizard
             ... wielding a +0 short sword
              (6 damage)
             ... on level 7 of the Dungeon.
             The game lasted 00:35:21 (10676 turns).

Atelerd the Geomancer (OpEE)                       Turns: 10676, Time: 00:35:22

Health: -2/63      AC:  1    Str: 11    XL:     10   Next: 23%
Magic:  21/21      EV: 13    Int: 22    God:    Sif Muna [***...]
Gold:   415        SH:  0    Dex: 12    Spells: 11/24 levels left

rFire    + . .     SeeInvis .   r - +2 mace (protect)
rCold    + . .     Gourm    .   (no shield)
rNeg     . . .     Faith    +   (helmet restricted)
rPois    +         Spirit   .   s - amulet of faith
rElec    .         Reflect  .   g - ring of protection from cold
rCorr    .         Harm     .   d - -2 ring of slaying (curse)
MR       .....                  p - ring of poison resistance
Stlth    +++++.....             f - ring of protection from fire
HPRegen  0.20/turn              H - +2 ring of strength
MPRegen  0.17/turn              I - ring of stealth
                                L - +2 ring of intelligence
                                (no ring)

@: slowed, heavily drained, very slow
A: almost no armour, stealthy swim, amphibious, 8 rings, constrict 8, camouflage
1, gelatinous body 1
a: Divine Energy, Channel Magic, Renounce Religion


You were on level 7 of the Dungeon.
You worshipped Sif Muna.
Sif Muna was most pleased with you.
You were near starving.

You visited 2 branches of the dungeon, and saw 10 of its levels.
You also visited: Sewer.

You collected 415 gold pieces.

Inventory:

Hand Weapons
 e - a +0 dagger
 r - a +2 mace of protection (weapon)
 E - a +3 shortbow
 J - a +1 shortbow of flaming
Missiles
 b - 107 stones (quivered)
 F - 102 arrows
Jewellery
 d - a cursed -2 ring of slaying (right tentacle)
 f - a ring of protection from fire (on tentacle)
 g - a ring of protection from cold (left tentacle)
 p - a ring of poison resistance (on tentacle)
 s - an amulet of faith (around mantle)
 H - a +2 ring of strength (on tentacle)
 I - a ring of stealth (on tentacle)
 L - a +2 ring of intelligence (on tentacle)
Wands
 z - a wand of iceblast (11)
 K - a wand of acid (12)
 P - a wand of paralysis (10)
Scrolls
 a - 2 scrolls of noise {unknown}
 i - 3 scrolls of immolation {unknown}
 j - 4 scrolls of teleportation {unknown}
 k - 3 scrolls of enchant weapon
 l - 5 scrolls of remove curse
 o - 4 scrolls of blinking {unknown}
 u - 4 scrolls of fog
 v - 2 scrolls of amnesia
 y - 2 scrolls of enchant armour
 A - 3 scrolls of fear
 M - a scroll of identify
Potions
 m - 3 potions of might
 n - a potion of cancellation {unknown}
 q - 2 potions of brilliance {unknown}
 t - a potion of haste {unknown}
 w - 2 potions of mutation
 x - 2 potions of ambrosia {unknown}
 B - a potion of berserk rage {unknown}
 D - 2 potions of flight {unknown}
 N - a potion of curing
 Q - a potion of degeneration {unknown}
Comestibles
 c - 10 rations


   Skills:
 - Level 3.0(1.5) Fighting
 - Level 4.0(2.4) Dodging
 - Level 6.1(4.4) Stealth
 * Level 7.5(5.8) Spellcasting
 + Level 4.4(2.8) Conjurations
 - Level 4.0(2.4) Transmutations
 * Level 8.7(6.9) Earth Magic
 + Level 2.2(0.7) Invocations


You had 11 spell levels left.
You knew the following spells:

 Your Spells              Type           Power        Failure   Level  Hunger
a - Sandblast             Erth           #####.       1%          1    None
b - Stone Arrow           Conj/Erth      ####..       3%          3    ##.....
c - Lee's Rapid Deconstr  Erth           #####.....   16%         5    #####..
d - Petrify               Tmut/Erth      ####....     14%         4    ####...

Your spell library contained the following spells:

 Spells                   Type           Power        Failure   Level  Hunger
 Passwall                 Tmut/Erth      ####....     1%          2    None


Dungeon Overview and Level Annotations

Branches:
Dungeon (9/15)             Temple (1/1) D:5
   Lair: D:8-11         Orc: D:9-12

Altars:
Ashenzari
Cheibriados
Dithmenos
Elyvilon
Fedhas
Gozag
Hepliaklqana
Kikubaaqudgha
Makhleb
Nemelex Xobeh
Okawaru
Ru
Sif Muna
Trog
Uskayaw
Vehumet
Zin
The Shining One

Annotations:
D:2 exclusion: 2 downstairs
D:3 exclusion: 2 downstairs
D:6 exclusion: downstairs
D:8 exclusion: downstairs


Innate Abilities, Weirdness & Mutations

You cannot wear most types of armour.
You are very stealthy in the water. (Stealth+)
You are amphibious.
You can wear up to eight rings at the same time.
You can use your tentacles to constrict eight enemies at once.
Your skin changes colour to match your surroundings (Stealth+).
Your rubbery body absorbs attacks. (AC +1, EV +1)


Message History

You feel much better.
The wight hits you from afar with a cursed +3 halberd!
You feel drained. The orc wizard barely misses you.
The wight closely misses you.
The wight hits you from afar with a cursed +3 halberd!
* * * LOW HITPOINT WARNING * * *
The orc wizard hits you with a +0 short sword.
* * * LOW HITPOINT WARNING * * *
Unknown command.
Okay, then.
As you read the scroll labeled PITEHU FOAPN, it crumbles to dust.
You speak a Word of immense power!
The wight convulses!
You destroy the wight!
Sif Muna accepts your kill.
The wight convulses!
You destroy the wight!
Sif Muna accepts your kill.
It was a scroll of holy word.
The orc wizard hits you with a +0 short sword.
You die...

#..o.# #..##. ........# #..##.
........# #..... ........#
#..... . ........# #####.
#'#######....# #..#
#........#....# #..#
#........#....#+####..#
#......)@#....#.......#
#...####o#....'.......# #.
#...##..)#....#...##..#
.##....##...##...#....#...##..#
..#.).......'....'....#.......#
.
.'.........#....#....#....?..#
. ###...###.#
##.###....#...###.# .
.##...###)#
###.....##...###.##.
.#......))# +.....#......#....


You could see an orc wizard.

Vanquished Creatures
  Pikel (D:3)
  A hippogriff (D:7)
  A water moccasin (D:6)
  A black bear (D:8)
  2 slaves
  3 orc warriors (D:8)
  A phantom (D:5)
  A sky beast (D:5)
  An ice beast (D:8)
  An ogre (D:7)
  4 centaurs
  A big kobold (D:7)
  2 bullfrogs
  A wyvern skeleton (D:8)
  A scorpion (D:5)
  A water moccasin skeleton (D:7)
  5 wights
  A howler monkey (D:6)
  4 crimson imps
  2 centaur zombies
  2 bullfrog zombies
  4 jellies
  A bullfrog skeleton (D:4)
  3 hounds
  6 orc priests
  8 orc wizards
  4 centaur skeletons
  4 iguanas
  5 worker ants
  A hound zombie (D:6)
  2 hound skeletons
  A howler monkey zombie (D:8)
  A worker ant zombie (D:8)
  10 adders
  3 gnolls (D:6)
  A howler monkey skeleton (D:6)
  A shadow imp (D:6)
  2 adder skeletons (D:5)
  An adder zombie (D:6)
  4 worms
  A dart slug (D:1)
  3 leopard geckos
  27 orcs
  6 bats
  7 giant cockroaches
  9 goblins
  13 hobgoblins
  21 jackals
  3 quokkas
  6 ball pythons
  12 frilled lizards
  19 kobolds
  A quokka skeleton (D:6)
  A quokka zombie (D:8)
  5 rats
  4 plants (Sewer)
237 creatures vanquished.

Vanquished Creatures (others)
  2 slaves (D:4)
  An adder (D:4)
  A worm (D:4)
4 creatures vanquished.

Grand Total: 241 creatures vanquished

Notes
Turn   | Place    | Note
-------+----------+-------------------------------------------
     0 | D:1      | Atelerd the Octopode Earth Elementalist began the quest for
                  | the Orb.
     0 | D:1      | Reached XP level 1. HP: 11/11 MP: 3/3
    53 | D:1      | Reached XP level 2. HP: 14/17 MP: 1/5
   500 | D:1      | Reached XP level 3. HP: 17/22 MP: 3/6
   510 | D:1      | Learned a level 3 spell: Stone Arrow
  1267 | D:2      | Reached skill level 1 in Fighting
  1506 | D:2      | Reached XP level 4. HP: 28/28 MP: 0/8
  1968 | D:2      | Reached skill level 4 in Earth Magic
  2190 | D:2      | Reached XP level 5. HP: 20/33 MP: 4/9
  2428 | D:3      | Reached XP level 6. HP: 15/39 MP: 0/11
  2769 | D:3      | Found a sparkling altar of Nemelex Xobeh.
  3093 | D:4      | Noticed a slave
  3093 | D:4      | Noticed a slave
  3094 | D:4      | Noticed Pikel
  3096 | D:4      | Noticed a slave
  3107 | D:3      | Killed a slave
  3307 | D:4      | Noticed a slave
  3751 | D:4      | Killed a slave
  3955 | D:3      | Killed Pikel
  3955 | D:3      | Reached skill level 5 in Stealth
  3955 | D:3      | Reached skill level 5 in Earth Magic
  3955 | D:3      | Reached XP level 7. HP: 31/45 MP: 0/13
  4033 | D:4      | Found a bloodstained altar of Trog.
  4113 | D:4      | Learned a level 5 spell: Lee's Rapid Deconstruction
  4118 | D:4      | Learned a level 4 spell: Petrify
  4251 | D:4      | Reached XP level 8. HP: 43/52 MP: 10/14
  4446 | D:4      | Noticed a hippogriff
  4844 | D:4      | Found the +3 pair of gauntlets of War {Slay+5}
  5417 | D:5      | Entered Level 5 of the Dungeon
  5489 | D:5      | Reached skill level 1 in Conjurations
  5491 | D:5      | Found a staircase to the Ecumenical Temple.
  5498 | D:5      | Reached skill level 5 in Spellcasting
  5625 | D:5      | Found a glowing drain.
  5630 | Sewer    | Entered a sewer
  5662 | Sewer    | Reached skill level 6 in Earth Magic
  6430 | Temple   | Entered the Ecumenical Temple
  6501 | Temple   | Became a worshipper of Sif Muna the Loreminder
  7319 | D:6      | Found an opulent altar of Gozag.
  7470 | D:6      | Reached XP level 9. HP: 30/56 MP: 17/17
  7520 | D:6      | Reached * piety under Sif Muna
  7656 | D:6      | Reached skill level 7 in Earth Magic
  8515 | D:7      | Paralysed by an orc priest for 5 turns
  8764 | D:8      | Reached ** piety under Sif Muna
  9349 | D:8      | Reached skill level 8 in Earth Magic
  9402 | D:8      | Found a shadowy altar of Dithmenos.
  9473 | D:8      | Found a glowing golden altar of the Shining One.
  9479 | D:8      | Reached skill level 1 in Invocations
  9675 | D:8      | Reached XP level 10. HP: 56/63 MP: 17/20
 10133 | D:7      | Reached *** piety under Sif Muna
 10156 | D:7      | You fall through a shaft for 2 floors!
 10676 | D:7      | Slain by an orc wizard

Skill      XL: |  1  2  3  4  5  6  7  8  9 10 |
---------------+-------------------------------+-----
Stealth        | 3 4 5 6 |  6.1
Fighting       | 1 2 3 |  3.0
Earth Magic    | 4 5 6 8 |  8.7
Spellcasting   | 3 4 5 7 |  7.5
Dodging        | 3 4 |  4.0
Conjurations   | 2 4 |  4.4
Transmutations | 2 4 |  4.0
Invocations    | 1 2 |  2.2

Action                   |  1- 3 |  4- 6 |  7- 9 | 10-12 || total
-------------------------+-------+-------+-------+-------++-------
Melee: Unarmed           |    19 |       |       |       ||    19
       Constrict         |    23 |    18 |    57 |     5 ||   103
       Tentacles         |    12 |    15 |    78 |    11 ||   116
       Dagger            |    75 |    35 |       |       ||   110
       Mace              |       |    52 |   343 |    37 ||   432
 Cast: Sandblast         |    18 |    46 |    68 |    16 ||   148
       Stone Arrow       |     2 |    15 |    22 |       ||    39
       Petrify           |       |       |    23 |     4 ||    27
       Lee's Rapid Decon |       |       |    15 |     9 ||    24
Evoke: Wand              |       |       |       |     1 ||     1
  Use: Scroll            |     2 |     2 |     7 |     1 ||    12
       Potion            |       |       |     2 |     3 ||     5
 Stab: Sleeping          |     7 |     2 |    36 |     3 ||    48
       Distracted        |       |     1 |       |       ||     1
       Petrified         |       |       |    22 |     8 ||    30
       Petrifying        |       |       |     3 |       ||     3
       Paralysed         |       |       |       |     5 ||     5
  Eat: Chunk             |     2 |     9 |    14 |     4 ||    29
       Ration            |       |       |     5 |       ||     5
Armor: Skin              |     6 |    20 |    91 |     8 ||   125
Dodge: Dodged            |    64 |   106 |   236 |    46 ||   452
